 Dungeon Crawl Stone Soup version 0.24.0-13-gcf9b319 (webtiles) character file.

Game seed: 2608432111948985966, levelgen mode: deterministic

4 Bronimir the Caller (level 1, -4/10 HPs)
             Began as a Deep Elf Summoner on Mar 3, 2020.
             Slain by a hobgoblin
             ... wielding a +0 club
              (8 damage)
             ... on level 1 of the Dungeon.
             The game lasted 00:00:56 (104 turns).

Bronimir the Caller (Deep Elf Summoner)              Turns: 104, Time: 00:00:58

Health: -4/10      AC:  2    Str:  5    XL:     1   Next: 50%
Magic:  2/6        EV: 13    Int: 19    God:
Gold:   0          SH:  0    Dex: 15    Spells: 5/6 levels left

rFire    . . .     SeeInvis .   b - +0 club
rCold    . . .     Gourm    .   (no shield)
rNeg     . . .     Faith    .   a - +0 robe
rPois    .         Spirit   .   (no helmet)
rElec    .         Reflect  .   (no cloak)
rCorr    .         Harm     .   (no gloves)
MR       .....                  (no boots)
Stlth    ++........             (no amulet)
HPRegen  0.03/turn              (no ring)
MPRegen  0.10/turn              (no ring)

@: very slightly contaminated
A: no striking features
a: no special abilities


You were on level 1 of the Dungeon.
You were not hungry.

You visited 1 branch of the dungeon, and saw 1 of its levels.

Inventory:

Hand Weapons
 b - a +0 club (weapon)
Armour
 a - a +0 robe (worn)
Comestibles
 c - a ration


   Skills:
 * Level 0.1 Fighting
 + Level 2.6 Dodging
 - Level 2.4 Stealth
 * Level 3.0 Spellcasting
 + Level 4.4 Summonings


You had 5 spell levels left.
You knew the following spells:

 Your Spells              Type           Power        Failure   Level  Hunger
a - Summon Small Mammal   Summ           ###.         2%          1    None

Your spell library contained the following spells:

 Spells                   Type           Power        Failure   Level  Hunger
 Call Imp                 Summ           ###.....     3%          2    ##.....
 Call Canine Familiar     Summ           ###.....     7%          3    ###....
 Summon Guardian Golem    Hex/Summ       ##......     19%         3    ###....
 Summon Ice Beast         Ice/Summ       ##......     52%         4    ####...
 Summon Lightning Spire   Summ/Air       ##......     52%         4    ####...


Dungeon Overview and Level Annotations

Branches:
Dungeon (1/15)

Altars:


Message History

Anything else - Cancel.
Gang up on whom?
Press: ? - help, Dir - move target cursor, f - goblin
Aim: a goblin, wielding a +0 club Attack!
Your bat closely misses the goblin.
Your bat misses the hobgoblin. The hobgoblin hits you with a +0 club.
Ouch! That really hurt!
The goblin closely misses you.
You barely miss the goblin.
Your bat closely misses the hobgoblin.
Your bat closely misses the goblin.
Your rat completely misses the goblin.
The hobgoblin barely misses you.
Your bat hits the goblin. The goblin closely misses you.
Your rat barely misses the goblin.
You barely miss the goblin.
The goblin is moderately wounded.
Your bat closely misses the goblin.
The hobgoblin closely misses you.
Your bat hits the goblin. The goblin hits you but does no damage.
Your rat completely misses the goblin.
Your bat barely misses the goblin.
The hobgoblin hits you with a +0 club!
Ouch! That really hurt!
You die...

♣♣♣♣♣♣ ### ♣PP.P♣
♣######.##♣♣.P.♣ ♣
♣.........♣....♣♣♣
.##.♣.♣#####....♣..P♣..♣
.......g........♣..P♣..♣
.##..#.#####.....♣♣♣.PP♣
# #. #bgr....♣♣.♣♣ #.
#.g@.....♣.♣## #g
#..b.).......## #.
#.(........≈..## #.
#.........♣≈P..# #####
.. .........≈P≈≈♣.##
≈≈≈≈#
..########P≈≈≈≈..##
.P.≈#.........##
♣♣≈P≈♣...#
PPP≈#..........#
#♣≈≈P≈≈...#
.P.♣#[.......♣.♣
#≈≈≈≈≈≈...♣#


You could see a hobgoblin, a goblin, 2 friendly bats and a friendly rat.

Vanquished Creatures
  A dart slug (D:1)
1 creature vanquished.

Vanquished Creatures (collateral kills)
  A hobgoblin (D:1)
  A frilled lizard (D:1)
2 creatures vanquished.

Grand Total: 3 creatures vanquished

Notes
Turn   | Place    | Note
-------+----------+-------------------------------------------
     0 | D:1      | Bronimir the Deep Elf Summoner began the quest for the Orb.
     0 | D:1      | Reached XP level 1. HP: 10/10 MP: 6/6
   104 | D:1      | Slain by a hobgoblin

Levels and vault maps discovered:
D:1:      ldierk_walled_garden, layout_basic, serial_forest,
          infiniplex_forest_straight_3, infiniplex_forest_straight_2,
          infiniplex_forest_diagonal, infiniplex_forest_clump_medium,
          infiniplex_forest_clump_cross, infiniplex_forest_end_3,
          infiniplex_forest_straight_2, infiniplex_forest_lined_2, st_stairs_13,
          serial_bayou_ford_a

Action                   || total
-------------------------++-------
Melee: Club              ||     6
       Unarmed           ||     2
 Cast: Summon Small Mamm ||     7
Armor: Robe              ||     2
Dodge: Dodged            ||    10
